 Dungeon Crawl Stone Soup version 0.29-a0-106-g0a07039d5a (webtiles) character file.

Game seed: 14073447792255515102

66 YayAnonymity the Skirmisher (level 4, -10/49 HPs)
             Began as an Ogre Hunter on Feb 16, 2022.
             Killed by divine providence
             ... invoked by an orc priest
              (12 damage)
             ... on level 2 of the Dungeon.
             The game lasted 00:02:06 (1310 turns).

YayAnonymity the Skirmisher (Ogre Hunter)           Turns: 1310, Time: 00:02:07

Health: -10/49     AC:  3    Str: 18    XL:     4   Next: 15%
Magic:  4/4        EV: 10    Int: 12    God:
Gold:   20         SH:  0    Dex:  9    Spells: 3/3 levels left

rFire   . . .      SeeInvis .   a - +2 dagger (vamp)
rCold   . . .      Faith    .   (no shield)
rNeg    . . .      Spirit   .   b - +0 robe
rPois   .          Reflect  .   (helmet restricted)
rElec   .          Harm     .   (no cloak)
rCorr   .          Rampage  .   (gloves unavailable)
Will    .....                   (boots unavailable)
Stlth   +.........              (no amulet)
HPRegen 0.16/turn               (no ring)
MPRegen 0.09/turn               (no ring)

@: no status effects
A: large, unfitting armour, tough skin 1
a: no special abilities


You were on level 2 of the Dungeon.
You visited 1 branch of the dungeon, and saw 2 of its levels.

You collected 20 gold pieces.

Inventory:

Hand Weapons
 a - a +2 vampiric dagger (weapon)
 i - a +0 club
Missiles
 d - a throwing net (quivered)
 e - 20 stones
Armour
 b - a +0 robe (worn)
Scrolls
 f - a scroll of brand weapon {unknown}
 j - 2 scrolls of identify {unknown}
Potions
 g - a potion of haste {unknown}
 h - a potion of might {unknown}


   Skills:
 * Level 4.5 Fighting
 + Level 1.1 Maces & Flails
 + Level 4.4 Throwing
 - Level 2.0 Dodging
 - Level 0.6 Stealth


You had 3 spell levels left.
You didn't know any spells.
Your spell library was empty.

Dungeon Overview and Level Annotations

Branches:
Dungeon (2/15)

Altars:


Innate Abilities, Weirdness & Mutations

You are too large for most types of armour.
You have tough skin. (AC +1)


Message History

You hit the orc priest but do no damage.
The orc priest is moderately wounded.
The orc priest struggles against the net.
The kobold hits you with a +0 short sword.
You strike the helpless orc priest from behind!
You hit the orc priest.
You feel better.
The orc priest is severely wounded.
The orc priest struggles against the net.
The net rips apart, and the orc priest comes free!
The kobold barely misses you.
You barely miss the orc priest.
The orc priest is severely wounded.
The orc priest hits you but does no damage.
The kobold hits you with a +0 short sword.
You hit the orc priest.
The orc priest is severely wounded.
The orc priest hits you with a +0 club.
The kobold hits you with a +0 short sword.
You hit the orc priest.
You feel better.
The orc priest is severely wounded.
The orc priest barely misses you. The kobold hits you but does no damage.
You hit the orc priest but do no damage.
The orc priest is severely wounded.
The orc priest barely misses you.
The kobold hits you with a +0 short sword.
You hit the orc priest but do no damage.
The orc priest is severely wounded.
The orc priest barely misses you. The kobold barely misses you.
You hit the orc priest.
You feel better.
The orc priest is almost dead.
The orc priest invokes the aid of Beogh against you.
Pain shoots through your body!
* * * LOW HITPOINT WARNING * * *
The kobold hits you with a +0 short sword.
* * * LOW HITPOINT WARNING * * *
You hit the orc priest but do no damage.
The orc priest is almost dead.
The orc priest mumbles some strange prayers to Beogh against you.
Beogh smites you!
You die...

(.........#
.........>#
..........#
...(......#
....(.....
#........######
......o........
.......@..#
......K......#
.............#
.......?..?..#
#............#
##.....)#....#
....#........#
##..#.##.....#


You could see an orc priest and a kobold.

Vanquished Creatures
  An orc wizard (D:2)
  A hound zombie (D:2)
  A worm (D:1)
  2 dart slugs (D:1)
  An orc (D:1)
  A bat skeleton (D:2)
  An endoplasm (D:1)
  3 giant cockroaches (D:1)
  2 goblins (D:1)
  2 hobgoblins (D:1)
  A quokka (D:1)
  2 ball python skeletons (D:2)
  A bat (D:1)
  A rat (D:1)
20 creatures vanquished.

Notes
Turn   | Place    | Note
-------+----------+-------------------------------------------
     0 | D:1      | YayAnonymity the Ogre Hunter began the quest for the Orb.
     0 | D:1      | Reached XP level 1. HP: 22/22 MP: 1/1
   137 | D:1      | Reached XP level 2. HP: 29/31 MP: 2/2
   949 | D:2      | Reached XP level 3. HP: 32/39 MP: 3/3
  1296 | D:2      | Reached skill level 1 in Maces & Flails
  1296 | D:2      | Reached XP level 4. HP: 32/49 MP: 4/4
  1309 | D:2      | HP: 2/49 [kobold (3)]
  1310 | D:2      | Killed from afar by an orc priest

Illustrated notes

Levels and vault maps discovered:
D:1:      wander_arrival_estate, layout_rooms
D:2:      layout_rooms, basic_altar, serial_undead, serial_undead_d,
          serial_undead_a, serial_undead_c, serial_undead_d,
          kennysheep_jessica_study

Skill      XL: |  1  2  3 |
---------------+----------+-----
Fighting       | 3 4 |  4.5
Dodging        | 2 |  2.0
Maces & Flails | 1 |  1.1
Throwing       | |  4.4
Stealth        | |  0.6

Action                   |  1- 3 |  4- 6 || total
-------------------------+-------+-------++-------
Melee: Short sword       |    44 |       ||    44
       Punch             |     3 |       ||     3
       Dagger            |    24 |    11 ||    35
Throw: Large rock        |     8 |     3 ||    11
       Throwing net      |       |     1 ||     1
 Stab: Sleeping          |     2 |       ||     2
       Held in net/web   |       |     2 ||     2
Armor: Robe              |    28 |     3 ||    31
Dodge: Dodged            |    42 |     7 ||    49

Table legend: (Time is in decaauts)
 A = Elapsed time spent in this place.
 B = Non-inter-level travel time spent in this place.
 C = Inter-level travel time spent in this place.
 D = Time resting spent in this place.
 E = Time spent auto-exploring this place.
 F = Levels seen in this place.
 G = Mean time per level.
                   A        B        C        D        E       F      G
               +--------+--------+--------+--------+--------+-----+--------+
         Total |   1326 |   1275 |     51 |    531 |    510 |   2 |  663.0 |
       Dungeon |   1326 |   1275 |     51 |    531 |    510 |   2 |  663.0 |
               +--------+--------+--------+--------+--------+-----+--------+

Top non-repeatable levels by time:
     D:1: 1271 daAuts
     D:2: 54 daAuts
